 Dungeon Crawl Stone Soup version 0.27.1-2-g3b301248ec (webtiles) character file.

Game seed: 17440151526839384559

291 Urokeeper the Chopper (level 6, -1/56 HPs)
             Began as a Hill Orc Monk on Sept 28, 2021.
             Was a Believer of Beogh.
             Slain by a river rat (5 damage)
             ... summoned by Eustachio
             ... on level 6 of the Dungeon.
             The game lasted 00:16:51 (3723 turns).

Urokeeper the Chopper (Hill Orc Monk)               Turns: 3723, Time: 00:16:52

Health: -1/56      AC:  9    Str: 16      XL:     6   Next: 32%
Magic:  7/7        EV:  2    Int: 10      God:    Beogh [**....]
Gold:   91         SH: 11    Dex: 11 (13) Spells: 5/5 levels left

rFire    . . .     SeeInvis .   a - +0 hand axe
rCold    . . .     Faith    .   s - +0 tower shield
rNeg     . . .     Spirit   .   c - +0 chain mail
rPois    .         Reflect  .   g - +0 helmet
rElec    .         Harm     .   (no cloak)
rCorr    .         Rampage  .   (no gloves)
Will     .....                  (no boots)
Stlth    ..........             (no amulet)
HPRegen  0.18/turn              (no ring)
MPRegen  0.10/turn              (no ring)

@: no status effects
A: no striking features
a: Renounce Religion, Smiting


You were on level 6 of the Dungeon.
You worshipped Beogh.
Beogh was pleased with you.
You visited 1 branch of the dungeon, and saw 6 of its levels.

You collected 91 gold pieces.

Inventory:

Hand Weapons
 a - a +0 hand axe (weapon)
Missiles
 q - 8 poisoned darts (quivered)
Armour
 c - a +0 chain mail (worn)
 g - a +0 helmet (worn)
 s - a +0 tower shield (worn)
Wands
 p - a wand of flame (11)
Scrolls
 b - a scroll of enchant weapon {unknown}
 d - 2 scrolls of identify
 f - a scroll of amnesia
 h - 2 scrolls of magic mapping
 i - a scroll of teleportation {unknown}
 j - a scroll of blinking {unknown}
 k - a scroll of noise {unknown}
 l - a scroll of vulnerability {unknown}
 m - a scroll of summoning {unknown}
 o - a scroll of torment {unknown}
Potions
 e - 2 potions of might {unknown}
 n - a potion of cancellation {unknown}
 r - a potion of lignification {unknown}


   Skills:
 * Level 5.0 Fighting
 + Level 6.4 Axes
 + Level 1.9 Armour
 + Level 2.9 Dodging
 + Level 2.4 Stealth
 * Level 0.2 Shields
 * Level 1.5 Invocations


You had 5 spell levels left.
You didn't know any spells.
Your spell library contained the following spells:

 Spells                   Type           Power      Damage    Failure   Level
 Animate Skeleton         Necr           0%         N/A       100%        1
 Apportation              Tloc           0%         N/A       100%        1
 Corona                   Hex            0%         N/A       100%        1
 Summon Small Mammal      Summ           0%         N/A       100%        1


Dungeon Overview and Level Annotations

Branches:
Dungeon (6/15)
 Temple: D:4-7

Altars:
Dithmenos
Hepliaklqana

Shops:
D:1 [

Annotations:
D:3 2 transporters
D:4 Pikel
D:6 Eustachio


Message History

Your chain mail prevents you from hitting the rat.
You closely miss the orc priest. You barely miss the shadow imp.
Eustachio casts a spell.
The rat bites you but does no damage.
The orc priest hits you with a +0 dagger.
* * * LOW HITPOINT WARNING * * *
You block the shadow imp's attack. The orc hits you but does no damage.
You are too injured to fight recklessly!
You are too injured to fight recklessly!
You are too injured to fight recklessly!
Unknown command.
Level annotation: Eustachio Welcome back, Urokeeper the Hill Orc Monk.
Beogh says: Drown the unbelievers in a sea of blood!
Press ? for a list of commands and other information.
You slash the rat!
You kill the rat!
The rat's corpse disappears in a puff of smoke!
You barely miss the orc priest. You completely miss the shadow imp.
You block the orc priest's attack. The shadow imp gestures at you.
You barely resist.
The orc hits you from afar with a +0 trident.
* * * LOW HITPOINT WARNING * * *
Eustachio mumbles some strange words.
The orc priest looks braver for a moment.
The shadow imp hits you but does no damage.
Eustachio mumbles some strange words.
Eustachio blinks!
The crimson imp shouts!
You hear a shout!
The shadow imp disappears in a puff of smoke!
The white imp gestures at you. The puff of frost hits you!
* * * LOW HITPOINT WARNING * * *
The crimson imp grins evilly.
The rat twitches its whiskers.
Eustachio mumbles some strange words.
The crimson imp blinks!
You block the rat's attack.
The rat disappears in a puff of smoke!
You block the orc's attack. The river rat bites you.
You die...

..# #......# ...# ...
#......#....# ....
#......#....
....#####...... ..#
.............###..###.
.............#@rb.....
.............#5b.@....
.............'.o......
.............#o.......
.............#o....r.5
.............#........
.............#o.......
.............#.##.####
##.........###)# .#


You could see Eustachio, an orc priest, a crimson imp (summoned), a river rat
(summoned), a white imp (summoned), 3 orcs, 2 bats and a rat (summoned).

Vanquished Creatures
  A scorpion (D:4)
  A hound (D:5)
  Ijyb (D:3)
  2 iguanas
  Terence (D:2)
  A hound zombie (D:5)
  2 adders (D:2)
  2 worms
  3 dart slugs
  2 orcs
  8 ball pythons
  9 endoplasms
  2 giant cockroaches
  3 goblins
  5 hobgoblins
  7 jackals
  3 kobolds
  2 quokkas (D:2)
  6 bats
  3 frilled lizards
  5 rats
69 creatures vanquished.

Vanquished Creatures (others)
  A dart slug (D:3)
  2 orcs (D:3)
  A goblin (D:3)
4 creatures vanquished.

Grand Total: 73 creatures vanquished

Notes
Turn   | Place    | Note
-------+----------+-------------------------------------------
     0 | D:1      | Urokeeper the Hill Orc Monk began the quest for the Orb.
     0 | D:1      | Reached XP level 1. HP: 19/19 MP: 1/1
   251 | D:1      | Reached XP level 2. HP: 27/27 MP: 2/2
   763 | D:1      | Found Zuclossy's Antique Armour Emporium.
   897 | D:1      | Reached XP level 3. HP: 29/33 MP: 3/3
  1198 | D:2      | Noticed Terence
  1218 | D:2      | Killed Terence
  1225 | D:2      | Reached skill level 5 in Axes
  1225 | D:2      | Reached XP level 4. HP: 24/40 MP: 4/4
  2089 | D:2      | Reached XP level 5. HP: 47/47 MP: 5/5
  2398 | D:3      | Found a faded altar of an unknown god.
  2555 | D:3      | Became a worshipper of Beogh the Brigand
  2555 | D:3      | Reached * piety under Beogh
  2555 | D:3      | Reached ** piety under Beogh
  2563 | D:3      | Noticed Ijyb
  2580 | D:3      | Killed Ijyb
  2732 | D:3      | Found a transporter.
  2737 | D:3      | Found a transporter.
  3057 | D:4      | Reached skill level 6 in Axes
  3057 | D:4      | Reached skill level 1 in Armour
  3057 | D:4      | Reached skill level 1 in Invocations
  3390 | D:4      | Noticed a lemure
  3390 | D:4      | Noticed a lemure
  3400 | D:4      | Noticed Pikel
  3414 | D:5      | Entered Level 5 of the Dungeon
  3418 | D:5      | Found a hazy altar of Hepliaklqana.
  3434 | D:5      | Reached XP level 6. HP: 38/55 MP: 5/7
  3526 | D:5      | Found a shadowy altar of Dithmenos.
  3526 | D:5      | Noticed a shadow
  3631 | D:5      | Reached skill level 5 in Fighting
  3641 | D:5      | Noticed a necrophage
  3671 | D:6      | Noticed Eustachio
  3723 | D:6      | Slain by a river rat

Illustrated notes

Levels and vault maps discovered:
D:1:      dpeg_arrival_shrine, layout_basic, serial_shops, nicolae_shop_trees
D:2:      layout_basic, uniq_terence
D:3:      gammafunk_steamed_eel, layout_basic, basic_ecumenical_altar, uniq_ijyb
D:4:      layout_loops_ring, minmay_temple_entry_mini_moons, minmay_door_square,
          uniq_crazy_yiuf_cottage, uniq_blork_the_orc, uniq_pikel
D:5:      layout_basic, doesnt_xom_only_xom,
          riverfiend_overflow_shadow_ancestor, minmay_misc_feat_enclosed,
          grunt_ministairs_10
D:6:      minmay_cornered_nines, layout_gridville, uniq_eustachio

Skill      XL: |  1  2  3  4  5  6 |
---------------+-------------------+-----
Fighting       | 4 5 |  5.0
Stealth        | 2 |  2.4
Axes           | 5 6 |  6.4
Armour         | 1 |  1.9
Invocations    | 1 |  1.5
Dodging        | |  2.9
Shields        | |  0.2

Action                   |  1- 3 |  4- 6 || total
-------------------------+-------+-------++-------
Melee: Hand axe          |    80 |   208 ||   288
Invok: Smiting           |       |     1 ||     1
       Convert to Beogh  |       |     1 ||     1
  Use: Potion            |     1 |       ||     1
       Scroll            |       |     2 ||     2
 Stab: Sleeping          |     6 |       ||     6
Armor: Robe              |    20 |       ||    20
       Chain mail        |       |   158 ||   158
Dodge: Dodged            |    40 |    55 ||    95
Block: Tower shield      |       |    41 ||    41
